 Dungeon Crawl Stone Soup version 0.17.2-1-ge4368a0 (webtiles) character file.

243344 Alipheese the Severer (level 19, -1/169 HPs)
             Began as a Naga Air Elementalist on May 1, 2017.
             Was the Champion of Cheibriados.
             Slain by a two-headed ogre
             ... wielding a cursed -1 giant club
             ... led by an ogre mage
              (2 damage)
             ... on level 1 of the Vaults on May 2, 2017.
             The game lasted 01:54:32 (47094 turns).

Alipheese the Severer (Naga Air Elementalist)      Turns: 47094, Time: 01:54:32

Health: -1/169     AC: 43    Str: 30    XL:     19   Next: 87%
Magic:  15/25      EV:  8    Int: 41    God:    Cheibriados [******]
Gold:   936        SH:  0    Dex: 30    Spells: 4 memorised, 7 levels left

rFire  + . .     SeeInvis +     w - +8 broad axe (elec)
rCold  + . .     Clarity  .     f - +9 plate armour "Ubuistir" {rElec}
rNeg   + . .     SustAt   .     (no shield)
rPois  +         Gourm    +     a - +2 hat {MR+} {MR+}
rElec  +         Spirit   .     p - +2 cloak
rCorr  .         Warding  .     A - +0 pair of gloves
rMut   .         Stasis   .     o - +1 naga barding {rC+} {rC+}
MR     ++++.                    Q - amulet of the gourmand {Gourm}
Stlth  ..........               L - ring of protection from fire {rF+}
                                e - ring of the Lizard {rElec rN+ Str+4 Int+4}

@: singing, regenerating, deflect missiles, very slow, incredibly resistant to
hostile enchantments, extremely unstealthy
A: horns 2, repulsion field 1, icy blue scales 1, see invisible, agile 1, blink,
deformed body, magic resistance 1, poison resistance, electricity resistance,
slowness 2, slow metabolism 1, spit poison 2, evolution 1, constrict 1, AC +6
a: Spit Poison, Blink, Bend Time, Temporal Distortion, Slouch, Step From Time,
Renounce Religion, Stop Singing
}: 1/15 runes: serpentine


You were on level 1 of the Vaults.
You worshipped Cheibriados.
Cheibriados was exalted by your worship.
You were very full.

You visited 7 branches of the dungeon, and saw 36 of its levels.

You collected 4033 gold pieces.
You spent 3097 gold pieces at shops.


Innate Abilities, Weirdness & Mutations

You cannot wear boots.
Your serpentine skin is tough (AC +6).
You have supernaturally acute eyesight.
Armour fits poorly on your strangely shaped body.
Your system is resistant to poisons.
You cover ground very slowly.
You have a slow metabolism.
You can spit poison.
You can use your snake-like lower body to constrict enemies.
You have a pair of horns on your head.
You are surrounded by a mild repulsion field (EV +2).
You are partially covered in icy blue scales (AC +1).
You are agile. (Dex +2)
You can translocate small distances at will.
You are resistant to hostile enchantments.
You are resistant to electric shocks.
You evolve.

Inventory:

Hand Weapons
 w - a +8 broad axe of electrocution (weapon)
 x - a +1 hand axe of distortion
Armour
 a - a +2 hat of magic resistance (worn) {MR+}
 f - the +9 plate armour "Ubuistir" (worn) {rElec}
   (You bought it in a shop on level 1 of the Orcish Mines)

   It insulates you from electricity.
 o - a +1 naga barding of cold resistance (worn) {rC+}
 p - a +2 cloak (worn)
 A - a +0 pair of gloves (worn)
Magical Staves
 q - an uncursed staff of wizardry {Wiz+}
Jewellery
 e - the ring of the Lizard (left hand) {rElec rN+ Str+4 Int+4}
   (You took it off Duvessa on level 5 of the Dungeon)

   [ring of positive energy]

   It affects your strength (+4).
   It affects your intelligence (+4).
   It insulates you from electricity.
   It protects you from negative energy.
 L - a ring of protection from fire (right hand) {rF+}
 Q - an amulet of the gourmand (around neck) {Gourm}
 Y - an uncursed ring of sustain attributes
Wands
 b - a wand of digging (2)
 G - a wand of teleportation (4) {!V}
 H - a wand of invisibility (2) {!V}
 R - a wand of lightning (7)
Scrolls
 c - 2 scrolls of immolation {!r}
 g - a scroll of vulnerability {!r}
 j - 5 scrolls of amnesia {!r}
 l - 8 scrolls of teleportation {!r}
 n - 2 scrolls of fog {!r}
 u - 5 scrolls of recharging {!r}
 y - 16 scrolls of remove curse {!r}
 B - 4 scrolls of fear {!r}
 E - a scroll of magic mapping {!r}
 N - a scroll of enchant armour {!r}
 O - 4 scrolls of blinking {!r}
 T - a scroll of holy word {!r}
Potions
 i - 7 potions of brilliance {!qArchmagi Int+5 Wiz++}
 m - 13 potions of curing {!q}
 s - a potion of resistance {!qrF+ rC+ rPois rElec rCorr}
 t - 4 potions of cancellation {!q}
 C - a potion of invisibility {!q, unknown}
 D - a potion of agility {!qStlth+ Dex+5 EV+5}
 J - a potion of heal wounds {!q}
 M - 3 potions of cure mutation {!q}
 S - a potion of magic {!q}
 V - 5 potions of lignification {!q}
 W - a potion of resistance {!q}
 X - 2 potions of might {!qStr+5 DMG+1d10}
Miscellaneous
 v - a disc of storms
 U - a box of beasts
Comestibles
 d - 3 royal jellies {!e}
 h - 21 meat rations {!e}
 r - 12 bread rations {!e}
 z - 27 fruits {!e}
 K - 2 beef jerkies {!e}
 Z - 11 slices of pizza {!e}


You had 7 spell levels left.
You knew the following spells:

 Your Spells              Type           Power        Failure   Level  Hunger
a - Song of Slaying       Chrm           #######.     1%          2    None
b - Regeneration          Chrm/Necr      ######....   4%          3    #......
c - Deflect Missiles      Chrm/Air       #######...   12%         6    ######.
d - Freezing Cloud        Conj/Ice/Air   #####.....   100%        6    ######.


   Skills:
 * Level 10.3 Fighting
 - Level 19.0 Axes
 * Level 15.6 Armour
 - Level 1.5 Dodging
 - Level 3.0 Stealth
 * Level 3.3 Spellcasting
 - Level 1.0 Conjurations
 * Level 13.2 Charms
 - Level 13.1 Air Magic
 - Level 8.1 Invocations

Dungeon Overview and Level Annotations

Branches:
Dungeon (15/15)            Temple (1/1) D:5            Lair (8/8) D:11
 Shoals (0/4) Lair:3        Snake (4/4) Lair:5        Slime (0/6) Lair:6
    Orc (4/4) D:10            Elf (3/3) Orc:3        Vaults (1/5) D:13
 Depths (0/5) D:15

Altars:
Ashenzari
Cheibriados
Dithmenos
Elyvilon
Fedhas
Gozag
Kikubaaqudgha
Makhleb
Nemelex Xobeh
Okawaru
Qazlal
Ru
Sif Muna
Trog
Vehumet
Xom
Yredelemnul
Zin
The Shining One
Beogh
Jiyva

Shops:
D:10 [(   D:13 [}   Orc:1 [   Orc:4 ?=}}   Snake:1 ?   Vaults:1 (

Annotations:
D:4 exclusion: phantom, Edmund
Elf:3 25 runed doors

Vault maps used:
D:1:      minmay_arrival_arboretum_small, nemelex_deck
D:2:      grunt_ministairs_5, eino_tiny_chamber
D:3:      bloody_trog, uniq_jessica
D:4:      lemuel_upstairs_altar, first_bread, uniq_edmund
D:5:      minmay_temple_entry_butterflies, lightli_ossuary_entry_decrepit_ruins,
          uniq_duvessa, uniq_sigmund
D:6:      tso_metal_star
D:7:      lemuel_doored_altar, grunt_livestock, minmay_misc_feat_more_columns,
          uniq_prince_ribbit1
D:8:      nicolae_dithmenos_the_darkroom, gammafunk_temple_overflow_elements,
          amethyst_overflow_temple_binary, uniq_pikel, uniq_gastronok
D:9:      grunt_temple_overflow_open, kennysheep_generic_room_9, uniq_psyche,
          uniq_erica
D:10:     david_orc_1_choice, serial_shops, shop, nicolae_shop_behind_doors
D:11:     lair_0_dummy
D:13:     hangedman_cross_stitches, erik_vaults_1, serial_shops,
          nicolae_shop_window_shopping, shop
D:14:     lemuel_statue_altar, uniq_josephine
D:15:     grunt_enter_depths_magical_seal, roderic_digamma_sauvastika,
          st_stairs_8
Temple:   nicolae_temple_hex_pool_5
Lair:1:   serial_forest, infiniplex_forest_lined_4_way,
          infiniplex_forest_clump_tiny, infiniplex_forest_lined_3_way,
          infiniplex_forest_lined_2, infiniplex_forest_lined_2,
          infiniplex_forest_fountain, infiniplex_forest_zigzag_1,
          lemuel_fruit_tree, uniq_sonja
Lair:2:   kennysheep_rathole, infiniplex_staircase_pool
Lair:3:   elwin_shoals_entry_rocks, uniq_harold
Lair:5:   guppyfry_snake_entry_garden, kennysheep_snail_temple,
          infiniplex_staircase_pool_2
Lair:6:   beast_lair_carwin_large_3, slime_altar_1
Lair:7:   dpeg_oklob_gauntlet, roderic_batcave
Lair:8:   evilmike_catoblepas_cave, grunt_forest_small_clearings,
          serial_bayou_shore_a
Snake:1:  serial_shops, nicolae_shop_trees, st_stairs_4,
          nicolae_snake_salamander_stairs
Snake:2:  spider_trap
Snake:4:  snake_pit, basic_altar
Orc:1:    minmay_goldmine, serial_shops, shop_fountains
Orc:2:    basic_altar
Orc:3:    basic_altar, nicolae_orc_pool_cavern, uniq_nergalle
Orc:4:    pubby_orc_utopia
Elf:1:    eino_elf_arrival_the_gate, orc_legates
Elf:2:    basic_altar, nicolae_elf_glass_and_crystal_pillar_2,
          not_door_vault_mu, serial_sigils_hangedman_shear
Elf:3:    elf_hall_gauntlet_wide, basic_altar, not_door_vault_due, uniq_louise,
          uniq_norris
Vaults:1: st_quartered_hall, ontoclasm_vaults_fault,
          nicolae_vaults_mini_display_case, v_alt_pattern_3, v_misc_5,
          ontoclasm_vaults_ligature, nicolae_vaults_theta, vaults_dpeg_diagonal,
          serial_shops, shop
You       could see a yaktaur captain, an ironbrand convoker, a freezing wraith,
          a two-headed ogre and a deep elf fighter.


Message History

Restored 4 HP.
You have now: 105/169 HP.
A freezing wraith comes into view.
The ettin is recalled.
The deep elf fighter is recalled.
The two-headed ogre is recalled.
The yaktaur captain wields an arbalest.
The yaktaur captain shoots a bolt.
The bolt hits you but does no damage. The ettin hits you with a dire flail.
The ettin barely misses you. The ettin hits you with a dire flail!
The ettin hits you with a dire flail!!
The ironbrand convoker gestures at the freezing wraith while chanting.
The freezing wraith seems to grow stronger.
A deep elf fighter, a two-headed ogre and an ettin come into view.
You see here a bolt.
You lost 34 HP.
You have now: 71/169 HP.
You barely miss the ettin. The ettin hits you with a dire flail!!
The ettin barely misses you.
You lost 22 HP.
You have now: 49/169 HP.
You are too injured to fight recklessly!
You are too injured to fight recklessly!
You are too injured to fight recklessly!
Unknown command.
Read which item? (? for menu, Esc to quit)
Really read
l - 9 scrolls of teleportation {!r}?
As you read the scroll of teleportation {!r}, it crumbles to dust.
You feel strangely unstable. The ettin hits you with a dire flail!!
* * * LOW HITPOINT WARNING * * *
The ettin hits you with a dire flail!
* * * LOW HITPOINT WARNING * * *
The ironbrand convoker hits you but does no damage.
You lost 43 HP.
You have now: 6/169 HP.
Unknown command.
Drink which item? (? for menu, Esc to quit)
Really quaff
J - 2 potions of heal wounds {!q}?
You feel much better.
The yaktaur captain unwields an uncursed arbalest.
The yaktaur captain hits you but does no damage.
The ettin hits you but does no damage. The ettin hits you with a dire flail.
* * * LOW HITPOINT WARNING * * *
Restored 18 HP.
You have now: 24/169 HP.
Unknown command.
Unknown command.
Unknown command.
Your surroundings suddenly seem different.
The freezing wraith hits you!
* * * LOW HITPOINT WARNING * * *
The freezing wraith freezes you! You resist.
* * * LOW HITPOINT WARNING * * *
The freezing wraith hits you.
* * * LOW HITPOINT WARNING * * *
The two-headed ogre barely misses you.
The two-headed ogre hits you with a giant club.
You die...

Action                   |  1- 3 |  4- 6 |  7- 9 | 10-12 | 13-15 | 16-18 | 19-21 || total
-------------------------+-------+-------+-------+-------+-------+-------+-------++-------
Melee: Unarmed           |     1 |       |       |       |       |       |       ||     1
       Short sword       |    39 |    70 |    36 |       |       |       |       ||   145
       Dagger            |       |       |   208 |   266 |       |       |       ||   474
       War axe           |       |       |    76 |   670 |   846 |   137 |       ||  1729
       Battleaxe         |       |       |       |    16 |       |       |       ||    16
       Broad axe         |       |       |       |    11 |    25 |   324 |   290 ||   650
       Executioner's axe |       |       |       |       |    52 |   407 |       ||   459
Throw: Throwing net      |       |     1 |     1 |       |       |       |       ||     2
 Cast: Shock             |    16 |    47 |   105 |       |       |       |       ||   168
       Repel Missiles    |       |       |     1 |       |     1 |     5 |       ||     7
       Regeneration      |       |       |       |       |     1 |    42 |    17 ||    60
       Song of Slaying   |       |       |       |       |       |     5 |    12 ||    17
       Deflect Missiles  |       |       |       |       |       |     5 |     4 ||     9
Invok: Bend Time         |       |       |       |    14 |     2 |     9 |     1 ||    26
       Slouch            |       |       |       |     6 |    14 |    10 |     3 ||    33
       Temporal Distorti |       |       |       |       |       |     4 |       ||     4
 Abil: Spit Poison       |    22 |    25 |    42 |    21 |     1 |     2 |       ||   113
       Blink             |       |       |       |       |       |     4 |       ||     4
Evoke: Deck              |       |       |     9 |       |     4 |       |       ||    13
       Wand              |       |       |       |     7 |    43 |     9 |     5 ||    64
       Sack of spiders   |       |       |       |       |    14 |       |       ||    14
       Box of beasts     |       |       |       |       |     5 |     4 |       ||     9
  Use: Scroll            |       |       |     7 |    20 |    23 |    26 |     1 ||    77
       Potion            |       |       |     9 |     6 |     3 |     2 |     2 ||    22
 Stab: Sleeping          |     5 |       |     1 |       |       |     4 |       ||    10
       Distracted        |       |       |       |     2 |     1 |     1 |       ||     4
       Petrified         |       |       |       |       |     2 |       |       ||     2
       Invisible         |       |       |       |       |       |    11 |       ||    11
  Eat: Chunk             |     2 |     6 |    18 |    29 |    20 |    47 |    11 ||   133
       Fruit             |       |       |     2 |       |       |       |       ||     2
       Beef jerky        |       |       |       |     3 |     6 |       |       ||     9
       Royal jelly       |       |       |       |       |     2 |       |       ||     2
       Pizza             |       |       |       |       |     4 |       |       ||     4

Notes
Turn   | Place    | Note
--------------------------------------------------------------
     0 | D:1      | Alipheese the Naga Air Elementalist began the quest for the Orb.
     0 | D:1      | Reached XP level 1. HP: 15/15 MP: 3/3
   118 | D:1      | Reached skill level 1 in Fighting
   332 | D:1      | Reached XP level 2. HP: 25/25 MP: 5/5
   385 | D:1      | Found a sparkling altar of Nemelex Xobeh.
   444 | D:1      | Reached skill level 2 in Fighting
   672 | D:2      | Reached XP level 3. HP: 33/33 MP: 6/6
   759 | D:2      | Reached skill level 3 in Fighting
  1098 | D:2      | Reached XP level 4. HP: 30/42 MP: 7/7
  1736 | D:3      | Reached skill level 4 in Fighting
  1881 | D:3      | Noticed Jessica
  1883 | D:3      | Killed Jessica
  1883 | D:3      | Reached XP level 5. HP: 49/51 MP: 5/8
  1954 | D:3      | Found a bloodstained altar of Trog.
  2056 | D:3      | Reached skill level 5 in Fighting
  2389 | D:4      | Noticed a phantom
  2474 | D:4      | Reached XP level 6. HP: 35/61 MP: 9/9
  2713 | D:4      | Noticed Edmund
  2725 | D:4      | Noticed an ogre
  2849 | D:4      | Killed an ogre
  2849 | D:4      | Reached skill level 6 in Fighting
  3352 | D:4      | Reached skill level 7 in Fighting
  3352 | D:4      | Reached XP level 7. HP: 44/72 MP: 1/10
  3492 | D:4      | Reached skill level 1 in Axes
  3512 | D:4      | Reached skill level 2 in Axes
  3945 | D:5      | Entered Level 5 of the Dungeon
  3959 | D:5      | Learned a level 2 spell: Repel Missiles
  3976 | D:5      | Noticed Sigmund
  4029 | D:5      | Reached skill level 3 in Axes
  4086 | D:5      | Got a warped whip
  4090 | D:5      | Identified the cursed +3 whip of Epneanuxine {antimagic, *Confuse rF+ SInv} (You found it on level 5 of the Dungeon)
  4117 | D:5      | Reached skill level 4 in Axes
  4123 | D:5      | Killed Sigmund
  4123 | D:5      | Reached skill level 5 in Axes
  4123 | D:5      | Reached XP level 8. HP: 72/80 MP: 0/11
  4285 | D:5      | Reached skill level 6 in Axes
  4304 | D:5      | Found a staircase to the Ecumenical Temple.
  4311 | Temple   | Entered the Ecumenical Temple
  4405 | D:5      | Noticed Dowan
  4407 | D:5      | Noticed Duvessa
  4656 | D:5      | Reached skill level 7 in Axes
  5189 | D:5      | Killed Duvessa
  5189 | D:5      | Reached skill level 8 in Axes
  5217 | D:5      | HP: 4/80 [poisoned by Duvessa]
  5222 | D:5      | HP: 4/80 [poisoned by Duvessa]
  5227 | D:5      | HP: 4/80 [poisoned by Duvessa]
  5233 | D:5      | HP: 4/80 [poisoned by Duvessa]
  5239 | D:5      | HP: 4/80 [poisoned by Duvessa]
  5332 | D:5      | Killed Dowan
  5332 | D:5      | Reached XP level 9. HP: 35/86 MP: 6/12
  5334 | D:5      | Got a fine bone ring
  5924 | D:6      | Reached skill level 9 in Axes
  5931 | D:6      | Identified the ring of the Lizard {rElec rN+ Str+4 Int+4} (You took it off Duvessa on level 5 of the Dungeon)
  6350 | D:6      | Found a glowing golden altar of the Shining One.
  6491 | D:6      | Learned a level 6 spell: Deflect Missiles
  7143 | D:6      | Reached skill level 10 in Axes
  7563 | D:7      | Found a white marble altar of Elyvilon.
  8021 | D:7      | Noticed Prince Ribbit
  8028 | D:7      | Reached skill level 11 in Axes
  8351 | D:7      | Reached XP level 10. HP: 89/94 MP: 13/13
  8561 | D:7      | Killed Prince Ribbit
  8925 | D:8      | Reached skill level 12 in Axes
  8941 | D:8      | Noticed Gastronok
  9065 | D:8      | Killed Gastronok
  9065 | D:8      | Reached skill level 13 in Axes
  9506 | D:8      | Found a shadowy altar of Dithmenos.
  9730 | D:8      | Noticed Pikel
  9795 | D:8      | Killed Pikel
 10020 | D:8      | Noticed an unseen horror
 10054 | D:8      | Killed an unseen horror
 10054 | D:8      | Reached skill level 14 in Axes
 10054 | D:8      | Reached XP level 11. HP: 41/100 MP: 14/14
 10373 | D:8      | Found a snail-covered altar of Cheibriados.
 10373 | D:8      | Found a radiant altar of Vehumet.
 10422 | D:8      | Became a worshipper of Cheibriados the Contemplative
 11133 | D:8      | Found a sacrificial altar of Ru.
 11133 | D:8      | Found a glowing silver altar of Zin.
 11573 | D:9      | Reached * piety under Cheibriados
 11824 | D:9      | Found a glowing golden altar of the Shining One.
 11825 | D:9      | Found a stormy altar of Qazlal.
 11826 | D:9      | Found a shimmering altar of Xom.
 11828 | D:9      | Found a blossoming altar of Fedhas.
 11828 | D:9      | Found an ancient bone altar of Kikubaaqudgha.
 11828 | D:9      | Found an opulent altar of Gozag.
 11829 | D:9      | Found a deep blue altar of Sif Muna.
 11834 | D:9      | Noticed Psyche
 11834 | D:9      | Noticed Erica
 12110 | D:9      | Killed Erica
 12549 | D:9      | Gained mutation: Your spells are a little easier to cast, but a little less powerful. [mutagenic meat]
 12550 | D:9      | Gained mutation: You have a pair of small horns on your head. [mutagenic meat]
 12552 | D:9      | Gained mutation: You are agile. (Dex +2) [mutagenic meat]
 12553 | D:9      | Lost mutation: Your spells are a little easier to cast, but a little less powerful. [mutagenic meat]
 12866 | D:9      | Reached skill level 1 in Invocations
 13265 | D:10     | Entered Level 10 of the Dungeon
 13507 | D:10     | Reached skill level 15 in Axes
 13530 | D:10     | Found a staircase to the Orcish Mines.
 13845 | D:10     | Found Fogg's Antique Armour Shop.
 13845 | D:10     | Noticed a hill giant
 14288 | D:10     | Reached skill level 2 in Invocations
 14336 | D:10     | Reached ** piety under Cheibriados
 14368 | D:10     | Found Winofimo's Weapon Boutique.
 14382 | D:10     | Bought a +0 war axe of electrocution for 181 gold pieces
 14463 | D:10     | Killed a hill giant
 14463 | D:10     | Reached skill level 8 in Fighting
 14463 | D:10     | Reached skill level 1 in Armour
 14806 | D:10     | Reached skill level 3 in Invocations
 14944 | Orc:1    | Entered Level 1 of the Orcish Mines
 15026 | Orc:1    | Reached *** piety under Cheibriados
 15452 | Orc:1    | Reached skill level 2 in Armour
 15526 | D:10     | Reached **** piety under Cheibriados
 15552 | D:10     | Bought a naga barding for 460 gold pieces
 15752 | Orc:2    | Reached skill level 4 in Invocations
 15984 | Orc:2    | Reached ***** piety under Cheibriados
 15990 | Orc:2    | Reached XP level 12. HP: 51/112 MP: 15/15
 16388 | Orc:2    | Found a roughly hewn altar of Beogh.
 16580 | Orc:3    | Reached skill level 3 in Armour
 16751 | Orc:3    | Noticed Nergalle
 16797 | Orc:3    | Killed Nergalle
 16946 | Orc:3    | Reached skill level 5 in Invocations
 17020 | Orc:3    | Found a roughly hewn altar of Beogh.
 17124 | Orc:3    | Found a staircase to the Elven Halls.
 17423 | Orc:2    | Reached skill level 9 in Fighting
 17483 | Orc:1    | Reached ****** piety under Cheibriados
 17542 | Orc:1    | Found Nyguynlu's Armour Shop.
 17677 | Orc:1    | Bought a cursed +0 pair of gloves for 22 gold pieces
 17733 | Orc:4    | Entered Level 4 of the Orcish Mines
 17859 | Orc:4    | Found Arifasaxt's Magic Scroll Boutique.
 17870 | Orc:4    | Bought a scroll of acquirement for 624 gold pieces
 17918 | Orc:4    | Bought a scroll of fear for 42 gold pieces
 17926 | Orc:4    | Found Reguih's Jewellery Shop.
 18130 | Orc:4    | Found a roughly hewn altar of Beogh.
 18168 | Orc:4    | Reached skill level 4 in Armour
 18169 | Orc:4    | Reached skill level 6 in Invocations
 19093 | Orc:4    | Reached skill level 5 in Armour
 19125 | Orc:4    | Reached skill level 7 in Invocations
 19268 | Orc:4    | Reached skill level 10 in Fighting
 19558 | Orc:4    | Noticed an orc warlord
 19571 | Orc:4    | Killed an orc warlord
 19571 | Orc:4    | Reached skill level 8 in Invocations
 19578 | Orc:4    | Reached skill level 6 in Armour
 19578 | Orc:4    | Gained mutation: You can use your snake-like lower body to constrict enemies. [Naga growth]
 19578 | Orc:4    | Reached XP level 13. HP: 79/123 MP: 7/19
 19648 | Orc:4    | Noticed an orc high priest
 19651 | Orc:4    | Killed an orc high priest
 19834 | Orc:4    | Found Iqoyramuts's Gadget Emporium.
 19869 | Orc:4    | Noticed an orc high priest
 19875 | Orc:4    | Killed an orc high priest
 19878 | Orc:4    | Found Paohetiu's Gadget Shoppe.
 20078 | Orc:4    | Noticed an orc high priest
 20084 | Orc:4    | Killed an orc high priest
 20176 | Orc:4    | Found a roughly hewn altar of Beogh.
 20195 | Orc:4    | Noticed an orc high priest
 20203 | Orc:4    | Killed an orc high priest
 20771 | D:11     | Reached skill level 7 in Armour
 20954 | D:11     | Learned a level 3 spell: Regeneration
 21503 | D:11     | Found a staircase to the Lair.
 21632 | Lair:1   | Entered Level 1 of the Lair of Beasts
 21632 | Lair:1   | Noticed Sonja
 21635 | Lair:1   | Killed Sonja
 22273 | Lair:1   | Reached skill level 16 in Axes
 22273 | Lair:1   | Reached skill level 8 in Armour
 23894 | Lair:3   | Noticed Harold
 23910 | Lair:3   | Killed Harold
 24170 | Lair:3   | Reached XP level 14. HP: 123/132 MP: 20/20
 24423 | Lair:3   | Reached skill level 9 in Armour
 24462 | Lair:3   | Got a transparent leather armour
 24482 | Lair:3   | Found a staircase to the Shoals.
 25478 | Lair:4   | You fall through a shaft!
 25755 | Lair:5   | Reached skill level 17 in Axes
 25881 | Lair:5   | Found a staircase to the Snake Pit.
 26131 | Lair:5   | Reached skill level 10 in Armour
 26139 | Lair:5   | Found a snail-covered altar of Cheibriados.
 26202 | Lair:5   | Learned a level 2 spell: Song of Slaying
 26829 | Lair:6   | Gained mutation: You are surrounded by a mild repulsion field (EV +2). [potion of beneficial mutation]
 26830 | Lair:6   | Gained mutation: You evolve. [potion of beneficial mutation]
 26959 | Lair:6   | Gained mutation: You have a pair of horns on your head. [evolution]
 27338 | Lair:6   | Found a staircase to the Slime Pits.
 27341 | Lair:6   | Found a viscous altar of Jiyva.
 28878 | Lair:7   | Reached XP level 15. HP: 118/138 MP: 21/21
 28885 | Lair:8   | Entered Level 8 of the Lair of Beasts
 28920 | Lair:8   | Reached skill level 11 in Armour
 29186 | Lair:8   | Reached skill level 18 in Axes
 29417 | Lair:8   | Gained mutation: You are partially covered in icy blue scales (AC +1). [evolution]
 29639 | Lair:8   | Got a warped lead ring
 29640 | Lair:8   | Identified the ring of Xom's Capriciousness {Fire rN+ Int+2 Dex-4} (You found it on level 8 of the Lair of Beasts)
 30630 | Lair:8   | Reached skill level 12 in Armour
 30845 | Lair:7   | Reached skill level 1 in Charms
 31447 | D:12     | Got an iridescent war axe
 31448 | D:12     | Identified the +5 war axe of Cagat {flame, MP+9} (You found it on level 12 of the Dungeon)
 31762 | D:12     | Reached skill level 2 in Charms
 31927 | D:9      | Reached skill level 4 in Air Magic
 32220 | D:9      | Paralysed by Psyche for 4 turns
 32223 | D:9      | Killed Psyche
 32917 | D:13     | Reached skill level 3 in Charms
 33100 | D:13     | Found Qeigh's Antique Armour Shop.
 33114 | D:13     | Bought an encrusted shield for 218 gold pieces
 33119 | D:13     | Identified the -4 shield of Light {MP+9 Int+2 Dex-5 Stlth+} (You bought it in a shop on level 13 of the Dungeon)
 33181 | D:13     | Found a gate to the Vaults.
 33239 | D:13     | Reached XP level 16. HP: 130/146 MP: 22/22
 33341 | D:13     | Reached skill level 5 in Air Magic
 34147 | D:13     | Found Imyaruv's Gadget Shoppe.
 34285 | D:14     | Reached skill level 4 in Charms
 34852 | D:14     | Noticed Josephine
 34862 | D:14     | Killed Josephine
 34862 | D:14     | Reached skill level 19 in Axes
 34961 | D:14     | Reached skill level 6 in Air Magic
 35121 | D:14     | Found a white marble altar of Elyvilon.
 35153 | D:15     | Entered Level 15 of the Dungeon
 35410 | D:15     | Reached skill level 5 in Charms
 35443 | D:15     | Gained mutation: You are resistant to hostile enchantments. [evolution]
 35869 | D:15     | Found a staircase to the Depths.
 36338 | Orc:3    | Noticed a stone giant
 36342 | Orc:3    | Killed a stone giant
 36342 | Orc:3    | Reached skill level 6 in Charms
 36342 | Orc:3    | Reached skill level 7 in Air Magic
 36348 | Elf:1    | Entered Level 1 of the Elven Halls
 36551 | Elf:1    | Reached skill level 13 in Armour
 36985 | Elf:1    | Reached skill level 7 in Charms
 36988 | Elf:1    | Reached XP level 17. HP: 82/153 MP: 9/23
 36993 | Elf:1    | Reached skill level 8 in Air Magic
 37365 | Elf:2    | Found a huge runed gate.
 37365 | Elf:2    | Found a huge runed gate.
 37365 | Elf:2    | Found a huge runed gate.
 37365 | Elf:2    | Found a huge runed gate.
 37369 | Elf:2    | Found a huge runed gate.
 37370 | Elf:2    | Found a huge runed gate.
 37370 | Elf:2    | Found a huge runed gate.
 37373 | Elf:2    | Found a huge runed gate.
 37373 | Elf:2    | Found a huge runed gate.
 37373 | Elf:2    | Found a huge runed gate.
 37379 | Elf:2    | Found a huge runed gate.
 37440 | Elf:2    | Found an ancient bone altar of Kikubaaqudgha.
 37508 | Elf:2    | Found a runed gate.
 37508 | Elf:2    | Found a runed gate.
 37518 | Elf:2    | Found a runed gate.
 37549 | Elf:2    | Found a huge runed gate.
 37549 | Elf:2    | Found a huge runed gate.
 37549 | Elf:2    | Found a huge runed gate.
 37550 | Elf:2    | Found a huge runed gate.
 37552 | Elf:2    | Found a huge runed gate.
 37552 | Elf:2    | Found a huge runed gate.
 37552 | Elf:2    | Found a huge runed gate.
 37553 | Elf:2    | Found a huge runed gate.
 37559 | Elf:2    | Found a huge runed gate.
 37559 | Elf:2    | Found a huge runed gate.
 37559 | Elf:2    | Found a huge runed gate.
 37559 | Elf:2    | Found a huge runed gate.
 37559 | Elf:2    | Found a huge runed gate.
 37559 | Elf:2    | Found a huge runed gate.
 37727 | Elf:2    | Found a huge runed gate.
 37727 | Elf:2    | Found a huge runed gate.
 37727 | Elf:2    | Found a huge runed gate.
 37727 | Elf:2    | Found a huge runed gate.
 37931 | Elf:2    | Reached skill level 8 in Charms
 38142 | Elf:2    | Noticed a deep elf blademaster
 38152 | Elf:2    | Killed a deep elf blademaster
 38178 | Elf:2    | Reached skill level 9 in Air Magic
 38675 | Elf:3    | Entered Level 3 of the Elven Halls
 38728 | Elf:3    | Noticed Norris
 38741 | Elf:3    | Killed Norris
 38780 | Elf:3    | Reached skill level 9 in Charms
 38811 | Elf:3    | Found a huge runed gate.
 38811 | Elf:3    | Found a huge runed gate.
 38811 | Elf:3    | Found a huge runed gate.
 38812 | Elf:3    | Found a huge runed gate.
 38821 | Elf:3    | Found a huge runed gate.
 38821 | Elf:3    | Found a huge runed gate.
 38822 | Elf:3    | Found a huge runed gate.
 38822 | Elf:3    | Found a huge runed gate.
 38822 | Elf:3    | Found a huge runed gate.
 38823 | Elf:3    | Found a huge runed gate.
 38828 | Elf:3    | Found a huge runed gate.
 38828 | Elf:3    | Found a huge runed gate.
 38843 | Elf:3    | Found a huge runed gate.
 38843 | Elf:3    | Found a huge runed gate.
 38844 | Elf:3    | Found a huge runed gate.
 38845 | Elf:3    | Found a huge runed gate.
 38848 | Elf:3    | Found a huge runed gate.
 38849 | Elf:3    | Found an ancient bone altar of Kikubaaqudgha.
 38854 | Elf:3    | Found a huge runed gate.
 38855 | Elf:3    | Found a huge runed gate.
 38876 | Elf:3    | Found a huge runed gate.
 38876 | Elf:3    | Found a huge runed gate.
 38877 | Elf:3    | Found a huge runed gate.
 38877 | Elf:3    | Found a huge runed gate.
 38877 | Elf:3    | Found a huge runed gate.
 38877 | Elf:3    | Found a huge runed gate.
 39140 | Elf:3    | Noticed Louise
 39148 | Elf:3    | Killed Louise
 39379 | Elf:3    | Got a warped bone ring
 39380 | Elf:3    | Identified the ring "Wushried" {+/*Tele rC+} (You took it off a deep elf fighter on level 3 of the Elven Halls)
 39716 | Elf:3    | Reached skill level 10 in Air Magic
 39779 | Elf:3    | Noticed a deep elf blademaster
 39790 | Elf:3    | Killed a deep elf blademaster
 39791 | Elf:3    | Noticed a Shadow Fiend
 40028 | Elf:3    | Reached skill level 14 in Armour
 40360 | Elf:3    | Gained mutation: You can translocate small distances at will. [evolution]
 40660 | Elf:3    | Noticed a deep elf blademaster
 40673 | Elf:3    | Killed a deep elf blademaster
 40673 | Elf:3    | Reached skill level 10 in Charms
 40673 | Elf:3    | Reached XP level 18. HP: 111/160 MP: 10/24
 40842 | Elf:3    | Noticed a deep elf master archer
 40855 | Elf:3    | Killed a deep elf master archer
 40856 | Elf:3    | Noticed a deep elf master archer
 40871 | Elf:3    | Killed a deep elf master archer
 41030 | Elf:3    | Got an iridescent mace {crush}
 41335 | Elf:3    | Got an ancient halberd {holy}
 41577 | Elf:3    | Identified the Reference Book on Evil and Clay (You found it on level 3 of the Elven Halls)
 41724 | Elf:3    | Reached skill level 11 in Air Magic
 41992 | Orc:1    | Bought the +9 plate armour "Ubuistir" {rElec} for 1230 gold pieces
 42308 | Snake:1  | Entered Level 1 of the Snake Pit
 42590 | Snake:1  | Found Zegirag's Magic Scroll Shoppe.
 42631 | Snake:1  | Bought a scroll of brand weapon for 320 gold pieces
 43234 | Snake:1  | Reached skill level 11 in Charms
 44308 | Snake:3  | Reached skill level 12 in Air Magic
 44576 | Snake:3  | Gained mutation: You are resistant to electric shocks. [evolution]
 44660 | Snake:4  | Entered Level 4 of the Snake Pit
 44772 | Snake:4  | Found a sparkling altar of Nemelex Xobeh.
 44854 | Snake:4  | Reached skill level 15 in Armour
 44892 | Snake:4  | Reached XP level 19. HP: 157/168 MP: 21/25
 45047 | Snake:4  | Reached skill level 12 in Charms
 45321 | Snake:4  | Noticed WereVolvo's ghost (adept FoFi)
 45374 | Snake:4  | Killed WereVolvo's ghost
 45479 | Snake:4  | Reached skill level 13 in Air Magic
 45721 | Snake:4  | Got a serpentine rune of Zot
 45904 | Snake:2  | Reached skill level 13 in Charms
 46323 | Temple   | Learned a level 6 spell: Freezing Cloud
 46573 | Vaults:1 | Entered Level 1 of the Vaults
 46998 | Vaults:1 | Reached skill level 3 in Spellcasting
 47028 | Vaults:1 | Found Xinoiv Kyne's Weapon Boutique.
 47092 | Vaults:1 | HP: 6/169 [ettin/dire flail (14)]
 47094 | Vaults:1 | HP: 1/169 [freezing wraith (4)]
 47094 | Vaults:1 | Slain by a two-headed ogre

Table legend:
 A = Turns spent in this place as a percentage of turns spent in the entire game.
 B = Non-inter-level travel turns spent in this place as a percentage of non-inter-level travel turns spent in the entire game.
 C = Inter-level travel turns spent in this place as a percentage of turns spent in this place.
 D = Turns resting spent in this place as a percentage of non-inter-level travel turns spent in this place.
 E = Turns spent auto-exploring this place as a percentage of non-inter-level travel turns spent in this place.
 F = Non-inter-level travel turns spent in this place divided by the number of levels of this place that you've seen.
                   A       B       C       D       E      F
               +-------+-------+-------+-------+-------+----------------------
         Total | 100.0 | 100.0 |   0.8 |   2.9 |   7.8 | 395.2
       Dungeon |  41.4 |  41.3 |   1.0 |   3.4 |   7.8 | 391.3
        Temple |   0.8 |   0.8 |   0.8 |   0.0 |   0.0 | 117.0
          Lair |  17.4 |  17.4 |   0.7 |   2.0 |  10.9 | 310.0
     Snake Pit |   9.7 |   9.7 |   0.6 |   0.7 |   9.5 | 346.0
  Orcish Mines |  14.2 |  14.2 |   0.8 |   2.6 |   7.0 | 504.8
   Elven Halls |  14.9 |  14.9 |   0.4 |   4.9 |   4.0 | 708.0
        Vaults |   1.6 |   1.6 |   0.0 |   0.0 |  10.3 | 232.0
               +-------+-------+-------+-------+-------+----------------------

Table legend:
 A = Kills in this place as a percentage of kills in entire the game.
 B = Kills by you in this place as a percentage of kills by you in the entire game.
 C = Kills by friends in this place as a percentage of kills by friends in the entire game.
 D = Other kills in this place as a percentage of other kills in the entire game.
 E = Experience gained in this place as a percentage of experience gained in the entire game.
 F = Experience gained in this place divided by the number of levels of this place that you have seen.
                   A       B       C       D       E      F
               +-------+-------+-------+-------+-------+----------------------
         Total | 100.0 | 100.0 | 100.0 |  -nan | 100.0 | 10787.8
       Dungeon |  31.9 |  31.9 |  30.0 |  -nan |  17.5 | 4531.2
          Lair |  21.4 |  21.1 |  60.0 |  -nan |  19.1 | 9279.2
     Snake Pit |  11.3 |  11.4 |   0.0 |  -nan |  26.6 | 25789.0
  Orcish Mines |  21.1 |  21.2 |   0.0 |  -nan |   6.0 | 5797.2
   Elven Halls |  10.8 |  10.8 |  10.0 |  -nan |  25.8 | 33408.0
        Vaults |   3.5 |   3.5 |   0.0 |  -nan |   5.0 | 19589.0
               +-------+-------+-------+-------+-------+----------------------

Vanquished Creatures
  Norris (Elf:3)
  The ghost of WereVolvo the Severer, an adept FoFi of Okawaru (Snake:4)
  3 deep elf blademasters
  2 deep elf master archers (Elf:3)
  Gastronok (D:8)
  7 greater nagas (Snake:4)
  3 deep elf sorcerers (Elf:3)
  Louise (Elf:3)
  An orc warlord (Orc:4)
  A stone giant (Orc:3)
  A vault warden (Vaults:1)
  An ironheart preserver (Vaults:1)
  7 deep elf demonologists
  6 deep elf annihilators
  6 deep elf death magi
  Josephine (D:14)
  A fire dragon (D:13)
  10 anacondas
  A great orb of eyes (Lair:5)
  6 hydras
  4 deep elf high priests
  Harold (Lair:3)
  A yaktaur captain (Vaults:1)
  11 naga warriors
  Erica (D:9)
  4 catoblepae (Lair:8)
  15 dancing weapons
  5 centaur warriors
  12 death yaks
  An ogre mage (Vaults:1)
  7 shock serpents
  4 orc high priests (Orc:4)
  3 tengu warriors
  Sonja (Lair:1)
  Nergalle (Orc:3)
  14 naga sharpshooters
  A shadow wraith (Vaults:1)
  19 deep elf knights
  A wizard (D:15)
  2 unseen horrors
  6 deep elf summoners
  11 hill giants
  8 naga ritualists
  8 orc knights
  Pikel (D:8)
  2 orb spiders (shapeshifter)
  An ironbrand convoker (Vaults:1)
  A hornet (Vaults:1)
  10 mana vipers
  3 griffons
  A necromancer (D:15)
  5 cyclopes
  10 deep elf conjurers
  7 orc sorcerers
  A manticore (D:13)
  4 elephants (Lair:8)
  5 oklob plants (Lair:7)
  17 ugly things
  54 black mambas
  11 salamanders
  2 guardian serpents
  15 spiny frogs
  4 centaur zombies
  An eye of devastation (shapeshifter) (Elf:3)
  A vault sentinel (Vaults:1)
  Psyche (D:9)
  4 torpor snails (Lair:5)
  25 naga magi
  A gargoyle (D:15)
  A spiny frog (shapeshifter) (Vaults:1)
  6 komodo dragons
  2 efreet
  A fire drake (Lair:8)
  5 yaktaurs
  A redback zombie (D:13)
  2 tengu conjurers
  A polar bear (Lair:8)
  8 trolls
  A troll (shapeshifter) (Elf:2)
  A tengu simulacrum (Vaults:1)
  7 deep elf priests
  A freezing wraith (D:13)
  Prince Ribbit (D:7)
  6 two-headed ogres
  A trapdoor spider zombie (D:13)
  A wind drake (shapeshifter) (Elf:2)
  18 blink frogs
  3 boulder beetles
  2 trapdoor spiders
  4 wraiths
  Sigmund (D:5)
  A centaur simulacrum (D:15)
  A golden eye (shapeshifter) (Elf:1)
  24 deep elf magi
  2 wyverns
  43 yaks
  35 deep elf fighters
  2 hungry ghosts
  6 basilisks
  A human (D:7)
  A yaktaur simulacrum (Vaults:1)
  4 wargs
  12 hippogriffs
  2 mottled dragons
  16 wolves
  27 water moccasins
  7 vampire mosquitoes
  29 nagas
  Duvessa (D:5)
  2 black bears (D:7)
  2 wasps (D:12)
  49 orc warriors
  8 porcupines
  7 sky beasts
  7 ice beasts
  3 slaves (D:8)
  7 phantoms
  A necrophage (D:8)
  17 centaurs
  A black bear (shapeshifter) (Vaults:1)
  A boggart (Vaults:1)
  2 eyes of draining
  26 ogres
  2 big kobolds (D:11)
  13 crocodiles
  A gnoll sergeant (D:13)
  21 giant frogs
  Dowan (D:5)
  A wyvern skeleton (D:13)
  7 scorpions
  4 wights (D:6)
  5 killer bees
  2 electric eels (Elf:3)
  12 crimson imps
  A wasp zombie (D:7)
  7 hounds
  A vampire bat (Lair:7)
  7 centaur skeletons
  A giant frog zombie (D:6)
  50 orc priests
  3 giant frog skeletons
  28 orc wizards
  Jessica (D:3)
  8 iguanas
  8 worker ants
  2 hell rats (Lair:2)
  27 sheep
  2 hound zombies (D:8)
  A hound skeleton (D:5)
  A worker ant zombie (D:8)
  4 gnolls (D:7)
  54 river rats
  7 shadow imps
  19 adders
  4 worms
  280 orcs
  3 ball pythons
  7 giant cockroaches
  6 hobgoblins
  15 jackals
  20 kobolds
  3 quokkas
  16 bats
  A giant cockroach zombie (D:6)
  4 giant geckos
  8 giant newts
  6 goblins
  A jackal skeleton (D:5)
  6 rats
  18 butterflies
  4 fungi
  13 plants
1526 creatures vanquished.

Vanquished Creatures (collateral kills)
  A catoblepas (Lair:6)
  2 hydras
  A griffon (Lair:8)
  A komodo dragon (Lair:6)
  A hungry ghost (D:7)
  A deep elf fighter (Elf:3)
  A giant frog (Lair:7)
  A wyvern zombie (D:7)
  An orc priest (D:7)
10 creatures vanquished.

Vanquished Creatures (others)
  A giant frog (D:8)
  A worker ant (D:9)
  An orc (Orc:4)
  A bush (Lair:8)
  45 fungi
  57 plants
106 creatures vanquished.

Grand Total: 1642 creatures vanquished
